 Dungeon Crawl Stone Soup version 0.26-a0-252-gb32a1a6195 (webtiles) character file.

Game seed: 2211297761865818564

131 BritishOli the Ducker (level 4, -1/34 HPs)
             Began as a Demonspawn Gladiator on July 9, 2020.
             Slain by Sigmund
             ... wielding a +0 scythe
              (5 damage)
             ... on level 3 of the Dungeon.
             The game lasted 00:01:38 (2656 turns).

BritishOli the Ducker (Demonspawn Gladiator)        Turns: 2656, Time: 00:01:38

Health: -1/34      AC:  6    Str: 15    XL:     4   Next: 91%
Magic:  0/4        EV: 13    Int: 10    God:
Gold:   123        SH:  0    Dex: 14    Spells: 3/3 levels left

rFire    . . .     SeeInvis .   a - +0 long sword
rCold    . . .     Faith    .   (no shield)
rNeg     . . .     Spirit   +   b - +0 leather armour
rPois    .         Reflect  .   c - +0 helmet
rElec    .         Harm     .   (no cloak)
rCorr    .                      (no gloves)
MR       .....                  (no boots)
Stlth    +.........             (no amulet)
HPRegen  0.11/turn              (no ring)
MPRegen  0.09/turn              (no ring)

@: confused
A: molten scales 1, magic shield
a: no special abilities


You were on level 3 of the Dungeon.
You were not hungry.

You visited 1 branch of the dungeon, and saw 3 of its levels.

You collected 123 gold pieces.

Inventory:

Hand Weapons
 a - a +0 long sword (weapon)
Missiles
 d - 3 throwing nets (quivered)
Armour
 b - a +0 leather armour (worn)
 c - a +0 helmet (worn)
Jewellery
 o - an uncursed amulet of faith {unknown}
Wands
 t - a wand of paralysis (4)
Scrolls
 g - 5 scrolls of identify {unknown}
 i - a scroll of amnesia {unknown}
 j - a scroll of remove curse {unknown}
 n - a scroll of immolation {unknown}
 p - a scroll of magic mapping {unknown}
 q - a scroll of teleportation {unknown}
 r - a scroll of fog {unknown}
 s - a scroll of fear {unknown}
Potions
 e - 3 potions of flight {unknown}
 h - 4 potions of curing {unknown}
 k - a potion of stabbing {unknown}
 l - a potion of magic {unknown}
 m - a potion of brilliance {unknown}
Comestibles
 f - 10 rations


   Skills:
 + Level 2.8 Fighting
 + Level 3.3 Long Blades
 + Level 2.5 Throwing
 + Level 1.5 Armour
 + Level 3.3 Dodging


You had 3 spell levels left.
You didn't know any spells.
Your spell library was empty.

Dungeon Overview and Level Annotations

Branches:
Dungeon (3/15)

Altars:
Qazlal
Wu Jian

Annotations:
D:3 Sigmund, Terence


Innate Abilities, Weirdness & Mutations

You are partially covered in molten scales. (AC +2)
When hurt, damage is shared between your health and your magic reserves.


Message History

You hit the jackal.
The jackal is moderately wounded.
You barely miss the jackal.
The jackal is moderately wounded.
The jackal completely misses you.
You riposte.
You slash the jackal!
You kill the jackal!
Something hits you!
You are too injured to fight recklessly!
Something hits you!
* * * LOW HITPOINT WARNING * * *
You are confused.
You bump into the rock wall.
You are more confused.
You bump into the rock wall.
You bump into the rock wall.
You bump into the rock wall.
Sigmund appears from thin air!
Reactivating autopickup.
Sigmund barely misses you.
Sigmund hits you from afar with a +0 scythe!
You die...

..>#.......# #......#
.## #.......#
#...<..# # #.......#
#......# #.......#
#......# ####.####
#......# #..####
#......# ## #.....#
... #.....# ....
#.@...#
.....##########.....#
....@...h.sh.h@.....#
.....##########.....#
..<. #...))# ...
#.....# .. #.....# .
#######


You could see Sigmund and a jackal.

Vanquished Creatures
  Jessica (D:2)
  Ijyb (D:3)
  An adder (D:2)
  2 oozes
  2 worms
  2 dart slugs (D:1)
  A leopard gecko (D:2)
  3 orcs (D:3)
  2 ball pythons
  2 giant cockroaches
  4 goblins
  5 hobgoblins
  2 jackals (D:3)
  A quokka (D:3)
  5 bats (D:1)
  5 frilled lizards
  9 kobolds
  6 rats
54 creatures vanquished.

Notes
Turn   | Place    | Note
-------+----------+-------------------------------------------
     0 | D:1      | BritishOli the Demonspawn Gladiator began the quest for the
                  | Orb.
     0 | D:1      | Reached XP level 1. HP: 16/16 MP: 1/1
   104 | D:1      | Gained mutation: You are partially covered in molten
                  | scales. (AC +2) [demonic ancestry]
   104 | D:1      | Reached XP level 2. HP: 18/22 MP: 2/2
   543 | D:1      | Gained mutation: When hurt, damage is shared between your
                  | health and your magic reserves. [demonic ancestry]
   543 | D:1      | Reached XP level 3. HP: 28/28 MP: 3/3
  1085 | D:2      | Reached skill level 1 in Armour
  1163 | D:2      | Noticed Jessica
  1170 | D:2      | Killed Jessica
  1170 | D:2      | Reached XP level 4. HP: 34/34 MP: 4/4
  1311 | D:2      | Found a stormy altar of Qazlal.
  1322 | D:2      | Found an ornate altar of the Wu Jian Council.
  1710 | D:2      | Found a faded altar of an unknown god.
  2057 | D:3      | Found the +3 sling "Punk" {acid, rCorr}
  2422 | D:3      | Noticed Ijyb
  2429 | D:3      | Paralysed by Ijyb for 3 turns
  2435 | D:3      | Paralysed by Ijyb for 3 turns
  2443 | D:3      | Killed Ijyb
  2628 | D:3      | Noticed Terence
  2628 | D:3      | Noticed Sigmund
  2656 | D:3      | Slain by Sigmund

Illustrated notes

Levels and vault maps discovered:
D:1:      lemuel_arrival_broad_hall, layout_basic
D:2:      layout_rooms, amethyst_overflow_temple_binary, first_ration,
          chequers_ecumenical_altar_grove, serial_park_tiny_pond,
          dk_noncrumbling_4, uniq_jessica
D:3:      minmay_octagon_keep, layout_rooms,
          chequers_temple_overflow_minitemple, uniq_terence, uniq_ijyb,
          uniq_sigmund

Skill      XL: |  1  2  3 |
---------------+----------+-----
Throwing       | 2 |  2.5
Long Blades    | 3 |  3.3
Dodging        | 3 |  3.3
Armour         | 1 |  1.5
Fighting       | |  2.8

Action                   |  1- 3 |  4- 6 || total
-------------------------+-------+-------++-------
Melee: Long sword        |    90 |    89 ||   179
  Eat: Ration            |     1 |     1 ||     2
Armor: Leather armour    |    38 |    34 ||    72
Dodge: Dodged            |    57 |    84 ||   141
       Rpst.: Long sword |    12 |    27 ||    39

Table legend:
 A = Non-vault XP
 B = Vault XP
 C = Vault XP percentage of total XP
 D = Non-vault monster count
 E = Vault monster count
 F = Vault count percentage of total count
                 A         B        C        D         E       F
            +---------+---------+-------+---------+---------+-------
      Total |      94 |      94 |  50.0 |      43 |      11 |  20.4
            +---------+---------+-------+---------+---------+-------
        D:1 |      49 |       0 |   0.0 |      28 |       0 |   0.0
        D:2 |      29 |      37 |  56.1 |       8 |       1 |  11.1
        D:3 |      16 |      57 |  78.1 |       7 |      10 |  58.8
            +---------+---------+-------+---------+---------+-------
